[Event "Asian Amateur Rapid 2024"]
[Site "Al Ain"]
[Date "2024.12.15"]
[Round "6.3"]
[White "Soud, Jaber"]
[Black "Bigabylov, Zhuban"]
[Result "1-0"]
[ECO "E63"]
[WhiteElo "1956"]
[BlackElo "1907"]
[Annotator "NA COMBH"]
[PlyCount "71"]
[EventDate "2024.12.15"]
[EventType "swiss"]
[EventCountry "UAE"]
[SourceTitle "playchess.com"]
[Source "ChessBase"]
[SourceQuality "1"]
[TimeControl "900+10"]

1. d4 Nf6 2. c4 g6 3. Nc3 Bg7 4. Nf3 O-O 5. g3 d6 6. Bg2 Nc6 7. O-O a6 8. e4 Bg4 9. Be3 Nd7 10. Qd2 e5 11. d5 Bxf3 12. dxc6 Bxg2 13. cxb7 Rb8 14. Kxg2 Rxb7 15. Rfd1 Qb8 16. b3 f5 17. c5 Nxc5 18. Bxc5 dxc5 19. Qd5+ Kh8 20. Qxc5 c6 21. Rd3 Qc8 22. Rad1 Rbf7 23. f3 Re8 24. Qc4 Ref8 25. Na4 fxe4 26. Qxe4 Qc7 27. Nc5 Qa5 28. Ne6 Re8 29. Rd8 Rfe7 30. Qxc6 Qb5 31. Rxe8+ Rxe8 32. Qxe8+ Qxe8 33. Rd8 Qxd8 34. Nxd8 Kg8 35. Kf2 Kf8 {[%emt 0:00:23] Check Result:6.62} 36. Ne6+ 1-0

[Event "Asian Amateur Rapid 2024"]
[Site "Al Ain"]
[Date "2024.12.15"]
[Round "6.4"]
[White "Khalifah, Khaled"]
[Black "Vivaan Sachdev"]
[Result "1-0"]
[ECO "D85"]
[WhiteElo "1962"]
[BlackElo "1824"]
[Annotator "NA COMBH"]
[PlyCount "75"]
[EventDate "2024.12.15"]
[EventType "swiss"]
[EventCountry "UAE"]
[SourceTitle "playchess.com"]
[Source "ChessBase"]
[SourceQuality "1"]
[TimeControl "900+10"]

1. d4 Nf6 2. c4 g6 3. Nc3 d5 4. cxd5 Nxd5 5. Bd2 Bg7 6. e3 Nxc3 7. Bxc3 O-O 8. Bc4 c5 9. Nf3 Bg4 10. Be2 Nd7 11. O-O Qc7 12. Rc1 Rad8 13. h3 Bf5 14. Qb3 Qb8 15. Qa3 b6 16. b4 cxd4 17. Nxd4 Be4 18. Nb5 Ne5 19. f3 Bd3 20. Bxd3 Rxd3 21. Bxe5 Rxa3 22. Bxb8 Rxb8 23. Nxa3 Bb2 24. Nb5 Bxc1 25. Rxc1 a6 26. Nd4 Rd8 27. f4 f6 28. Rc6 e5 29. fxe5 fxe5 30. Nf3 Rd1+ 31. Kh2 e4 32. Ng5 Rd2 33. Rxb6 Rxa2 34. Nxe4 Ra3 35. Nf6+ Kg7 36. Nd5 Kf7 37. e4 Rd3 {[%emt 0:00:02] Check Result:50.14} 38. Rxa6 1-0

[Event "Asian Amateur Rapid 2024"]
[Site "Al Ain"]
[Date "2024.12.15"]
[Round "6.5"]
[White "Saqar Essa Khamis"]
[Black "Chekanov, Timur"]
[Result "1-0"]
[ECO "B18"]
[WhiteElo "1684"]
[BlackElo "1865"]
[Annotator "NA COMBH"]
[PlyCount "131"]
[EventDate "2024.12.15"]
[EventType "swiss"]
[EventCountry "UAE"]
[SourceTitle "playchess.com"]
[Source "ChessBase"]
[SourceQuality "1"]
[TimeControl "900+10"]

1. e4 c6 2. d4 d5 3. Nc3 dxe4 4. Nxe4 Bf5 5. Ng3 Bg6 6. h4 h6 7. N1e2 e6 8. Nf4 Bh7 9. c3 Bd6 10. Bd3 Bxd3 11. Qxd3 Bxf4 12. Bxf4 Nf6 13. O-O-O Qa5 14. Kb1 Nbd7 15. Bd6 O-O-O 16. Ne4 Nxe4 17. Qxe4 Qd5 18. Qf4 Nb6 19. Bb8 Qd7 20. Bxa7 Qc7 21. Qxc7+ Kxc7 22. Bxb6+ Kxb6 23. Rh3 Rhe8 24. Rf3 Re7 25. c4 Red7 26. Rfd3 e5 27. d5 cxd5 28. cxd5 Kc5 29. Rf3 f6 30. Rg3 g5 31. hxg5 hxg5 32. Rf3 Rd6 33. Kc2 b5 34. Kc3 Rf8 35. b4+ Kb6 36. Rh3 Rc8+ 37. Kb3 f5 38. Rh5 Rg8 39. a4 bxa4+ 40. Kxa4 Ra8+ 41. Kb3 Kb5 42. Rxg5 Ra4 43. Rxf5 Rxb4+ 44. Kc3 Rc4+ 45. Kd3 Rxd5+ 46. Ke2 Rc2+ 47. Ke1 Rdc5 48. Rd2 Rc1+ 49. Ke2 Kc6 50. Kf3 R1c3+ 51. Kg4 R3c4+ 52. Kg5 Re4 53. f3 Re1 54. g4 Rc3 55. Kf6 Rc5 56. g5 Ra5 57. g6 Rg1 58. Re2 Kd6 59. Rexe5 Rxe5 60. Rxe5 Rxg6+ 61. Kxg6 Kxe5 62. Kg5 Ke6 63. f4 Ke7 64. Kg6 Ke8 65. Kg7 Ke7 {[%emt 0:00:01] Check Result:#11} 66. f5 1-0

[Event "Asian Amateur Rapid 2024"]
[Site "Al Ain"]
[Date "2024.12.15"]
[Round "6.6"]
[White "Raj Aryan"]
[Black "AbuAzizah, Raji"]
[Result "0-1"]
[ECO "A45"]
[WhiteElo "1609"]
[BlackElo "2161"]
[Annotator "RC"]
[PlyCount "96"]
[EventDate "2024.12.15"]
[EventType "swiss"]
[EventCountry "UAE"]
[SourceTitle "playchess.com"]
[Source "ChessBase"]
[SourceQuality "1"]
[TimeControl "900+10"]

1. d4 Nf6 2. Bg5 Ne4 3. Bh4 g5 4. Bg3 h5 5. f3 Nxg3 6. hxg3 c5 7. c3 Bg7 8. e3 d5 9. Bd3 c4 10. Bc2 Qb6 11. b3 Nc6 12. Nd2 Qc7 13. Ne2 b5 14. a4 b4 15. bxc4 bxc3 16. Nb1 Ba6 17. Kf2 Bxc4 18. Nbxc3 Nb4 19. Bb1 e5 20. Qd2 a5 21. e4 exd4 22. Qxg5 Kf8 23. Nxd5 Nxd5 24. exd5 d3 25. Bxd3 Bxd3 26. Rac1 Qb6+ 27. Qe3 Qxe3+ 28. Kxe3 Bxe2 29. Kxe2 Be5 30. f4 Bd6 31. Rc6 Bb4 32. Kf3 Kg7 33. Rd1 Rad8 34. d6 Rd7 35. Rd5 Rh6 36. Rg5+ Rg6 37. Rxh5 Rdxd6 38. Rxd6 Rxd6 39. g4 Rd2 40. Rg5+ Kf8 41. Rf5 Ra2 42. g5 Kg7 43. Rd5 Rxa4 44. f5 Ra2 45. g3 Rd2 46. Rb5 Rd7 47. Kg4 Be1 48. Re5 Rd4+ 0-1

[Event "Asian Amateur Rapid 2024"]
[Site "Al Ain"]
[Date "2024.12.15"]
[Round "6.7"]
[White "Sharma Pankaj"]
[Black "Mujahid Bin Yazeed"]
[Result "0-1"]
[ECO "C20"]
[WhiteElo "1861"]
[BlackElo "1837"]
[Annotator "NA COMBH"]
[PlyCount "100"]
[EventDate "2024.12.15"]
[EventType "swiss"]
[EventCountry "UAE"]
[SourceTitle "playchess.com"]
[Source "ChessBase"]
[SourceQuality "1"]
[TimeControl "900+10"]

1. c4 e5 2. Nc3 Nc6 3. e4 Bc5 4. g3 h5 5. h3 a6 6. Bg2 d6 7. Nge2 Be6 8. d3 Qd7 9. a3 Ba7 10. Nd5 f5 11. b4 Nf6 12. Rb1 Ne7 13. Bg5 Bxd5 14. cxd5 O-O 15. O-O fxe4 16. dxe4 Nh7 17. Bd2 h4 18. g4 g5 19. Qc1 Ng6 20. Bxg5 Nxg5 21. Qxg5 Qf7 22. Rb3 Bxf2+ 23. Kh1 Qg7 24. Rf3 Rxf3 25. Bxf3 Bd4 26. Bg2 Kh7 27. Qh5+ Kg8 28. Rf5 Be3 29. Rf3 Bf4 30. g5 c6 31. Qg4 Re8 32. dxc6 bxc6 33. Rc3 Qe7 34. Ng1 c5 35. Nf3 cxb4 36. axb4 Rb8 37. Nxh4 Nxh4 38. Qxh4 d5 39. Qg4 d4 40. Rc8+ Rxc8 41. Qxc8+ Kg7 42. Qxa6 Qxg5 43. Qb7+ Kg6 44. Qc6+ Kh5 45. Qe8+ Kh4 46. Qd7 Qh5 47. Qe7+ Kg3 48. Qg7+ Kf2 49. Qg4 Qxg4 50. hxg4 {[%emt 0:00:01] Check Result:-#4} d3 0-1

[Event "Asian Amateur Rapid 2024"]
[Site "Al Ain"]
[Date "2024.12.15"]
[Round "6.8"]
[White "Al Namas, Kanan"]
[Black "Umarov, Mukhammadrizo"]
[Result "1/2-1/2"]
[ECO "B40"]
[WhiteElo "1813"]
[BlackElo "1902"]
[Annotator "NA COMBH"]
[PlyCount "143"]
[EventDate "2024.12.15"]
[EventType "swiss"]
[EventCountry "UAE"]
[SourceTitle "playchess.com"]
[Source "ChessBase"]
[SourceQuality "1"]
[TimeControl "900+10"]

1. e4 c5 2. Nf3 e6 3. c3 Nf6 4. Bd3 d5 5. e5 Nfd7 6. Bc2 d4 7. cxd4 cxd4 8. O-O Nc6 9. Re1 a6 10. a3 Qc7 11. Qe2 b5 12. Be4 Bb7 13. b4 Be7 14. Bb2 Qb6 15. d3 Rd8 16. Nbd2 f5 17. exf6 Nxf6 18. Bxc6+ Qxc6 19. Qxe6 Qxe6 20. Rxe6 Bc8 21. Re2 Bf5 22. Rae1 Rd7 23. Ne5 Rc7 24. Bxd4 Kf8 25. Ne4 Nxe4 26. dxe4 Be6 27. Nd3 Bc4 28. Re3 Rd7 29. Rf3+ Ke8 30. Bxg7 Rg8 31. Ne5 Rxg7 32. Nxd7 Kxd7 33. g3 Ke6 34. Rf5 Bf6 35. Rc5 Ra7 36. e5 Be7 37. Rc6+ Kf5 38. f4 a5 39. Kf2 axb4 40. Rd1 bxa3 41. Kf3 h5 42. h3 Be2+ 43. Kxe2 Ke4 44. Ra1 b4 45. Rb6 Kd4 46. Kd2 Kc5 47. Rb8 Kc4 48. Kc2 Bc5 49. g4 Bd4 50. Rc8+ Kd5 51. Ra2 Bc3 52. Kb3 hxg4 53. hxg4 Ke4 54. Rc4+ Kd5 55. g5 Rh7 56. Rxc3 bxc3 57. Rxa3 Kd4 58. Ra8 Rb7+ 59. Kc2 Rb2+ 60. Kc1 Rf2 61. g6 Rf1+ 62. Kc2 Rf2+ 63. Kd1 Rf1+ 64. Ke2 c2 65. Rc8 c1=Q 66. Rxc1 Rxc1 67. Kf3 Rg1 68. e6 Rxg6 69. f5 Rh6 70. e7 Rh8 71. f6 Ke5 {[%emt 0:00:03] #10} 72. f7 1/2-1/2

[Event "Asian Amateur Rapid 2024"]
[Site "Al Ain"]
[Date "2024.12.15"]
[Round "6.9"]
[White "Medetuly, Nurdaulet"]
[Black "Fedorov, Grigory"]
[Result "1/2-1/2"]
[ECO "E94"]
[WhiteElo "1618"]
[BlackElo "1916"]
[Annotator "NA COMBH"]
[PlyCount "144"]
[EventDate "2024.12.15"]
[EventType "swiss"]
[EventCountry "UAE"]
[SourceTitle "playchess.com"]
[Source "ChessBase"]
[SourceQuality "1"]
[TimeControl "900+10"]

1. d4 Nf6 2. c4 g6 3. Nc3 Bg7 4. e4 d6 5. Nf3 O-O 6. Be2 Nbd7 7. O-O e5 8. dxe5 dxe5 9. Bg5 h6 10. Be3 Ng4 11. Bd2 f5 12. h3 Ngf6 13. exf5 gxf5 14. Nh4 Nc5 15. Be3 Nfe4 16. Ng6 Nxc3 17. bxc3 Ne4 18. Nxf8 Qxf8 19. Qc2 Be6 20. Bd3 Ng5 21. Bxg5 hxg5 22. Rab1 e4 23. Be2 b6 24. Rbd1 Qc5 25. Qb3 f4 26. Qb4 Qc6 27. Qb5 Qxb5 28. cxb5 Bxc3 29. Rc1 Be5 30. Bc4 Kf7 31. Rfe1 e3 32. Bxe6+ Kxe6 33. fxe3 Kf5 34. e4+ Ke6 35. Rc6+ Kf7 36. Rd1 Bd6 37. Rd5 Re8 38. Rxg5 Rxe4 39. Kf2 Rb4 40. Rc2 Kf6 41. Rd5 Ke6 42. Rh5 Kf6 43. Kf3 Bc5 44. Rhxc5 bxc5 45. Rxc5 Rb2 46. Rxc7 Rxa2 47. Kxf4 Ra4+ 48. Kf3 Ke5 49. g4 Ra3+ 50. Kg2 Kd6 51. Rc2 Ra5 52. Rb2 Ke5 53. b6 axb6 54. Rxb6 Kf4 55. Rb4+ Kg5 56. Re4 Ra2+ 57. Kf3 Kh4 58. Re8 Ra3+ 59. Re3 Ra4 60. Re7 Ra3+ 61. Kf4 Ra4+ 62. Re4 Ra5 63. Re5 Ra4+ 64. Kf5 Kxh3 65. g5 Kh4 66. g6 Kh5 67. g7 Ra8 68. Kf6+ Kh6 69. Kf7 Ra7+ 70. Kf6 Rxg7 71. Re1 Rg6+ 72. Kf7 {[%emt 0:00:01] Check Result:0.00} Rg7+ 1/2-1/2

[Event "Asian Amateur Rapid 2024"]
[Site "Al Ain"]
[Date "2024.12.15"]
[Round "6.10"]
[White "Farhaan, M."]
[Black "Al Hinai, Qusay"]
[Result "1-0"]
[ECO "D36"]
[WhiteElo "1695"]
[BlackElo "1862"]
[Annotator "NA COMBH"]
[PlyCount "131"]
[EventDate "2024.12.15"]
[EventType "swiss"]
[EventCountry "UAE"]
[SourceTitle "playchess.com"]
[Source "ChessBase"]
[SourceQuality "1"]
[TimeControl "900+10"]

1. d4 d5 2. c4 e6 3. Nc3 Nf6 4. cxd5 exd5 5. Bg5 Be7 6. Qc2 c6 7. e3 h6 8. Bh4 O-O 9. Bd3 Re8 10. Nge2 Nbd7 11. O-O Nf8 12. Rae1 Ne4 13. Bg3 Nxg3 14. Nxg3 Bd6 15. a3 a5 16. Na4 Bxg3 17. hxg3 Qg5 18. Rc1 h5 19. Nb6 Rb8 20. Qd2 h4 21. gxh4 Qxh4 22. g3 Qg5 23. Kg2 Bf5 24. Bxf5 Qxf5 25. Qc2 Qxc2 26. Rxc2 Ne6 27. Rh1 g6 28. Nd7 Kg7 29. Nxb8 Rxb8 30. Rh2 Ng5 31. Rc1 Ne4 32. Rch1 Nd2 33. g4 Nc4 34. g5 Rg8 35. Rh7+ Kf8 36. Rb1 Ke7 37. b3 Nd2 38. Rb2 Ne4 39. f4 Nd6 40. Kf3 Kd7 41. Rbh2 Ra8 42. R2h6 Ke6 43. Rh1 Ra6 44. Rb1 Rb6 45. Rhh1 Nb5 46. Ra1 Nc3 47. b4 a4 48. Rac1 Ne4 49. Rh8 Nd2+ 50. Ke2 Nc4 51. Rc3 Ra6 52. Rb8 b5 53. Kf3 Nd2+ 54. Kg4 Ne4 55. Rc2 Nd6 56. Kf3 Nc4 57. Ra2 Nd6 58. Rd8 Ke7 59. Rb8 Kd7 60. Rh2 Kc7 61. Rf8 Kd7 62. Rh7 Ke7 63. Rb8 Ra7 64. Rg8 Nc4 65. Rxg6 Nxa3 {[%emt 0:00:00] Check Result:#9} 66. Rgg7 1-0

[Event "Asian Amateur Rapid 2024"]
[Site "Al Ain"]
[Date "2024.12.15"]
[Round "6.11"]
[White "Atharv Bansal"]
[Black "Hamdan Edrees, Alhamed"]
[Result "1-0"]
[ECO "B22"]
[WhiteElo "1896"]
[BlackElo "1939"]
[Annotator "NA COMBH"]
[PlyCount "98"]
[EventDate "2024.12.15"]
[EventType "swiss"]
[EventCountry "UAE"]
[SourceTitle "playchess.com"]
[Source "ChessBase"]
[SourceQuality "1"]
[TimeControl "900+10"]

1. e4 c5 2. c3 d5 3. exd5 Qxd5 4. d4 Nf6 5. Nf3 e6 6. Be2 a6 7. Be3 cxd4 8. Bxd4 Be7 9. O-O Nbd7 10. Nbd2 b6 11. Nc4 Qc6 12. Nfe5 Nxe5 13. Nxe5 Qc7 14. Qb3 b5 15. a4 Bd6 16. f4 bxa4 17. Qxa4+ Nd7 18. Bf3 Rb8 19. Bc6 f6 20. Nc4 O-O 21. Nxd6 Qxd6 22. Rad1 Nc5 23. Qc4 Qxc6 24. Qxc5 Qe4 25. b4 Rb5 26. Qd6 Bb7 27. Rf2 Rd5 28. Qb6 Rd7 29. Rdf1 h5 30. h3 h4 31. Qc5 Rd5 32. Qc4 Rc8 33. Qe2 Rb5 34. Qg4 Kf7 35. Qxh4 a5 36. Bc5 axb4 37. cxb4 Bd5 38. Qh5+ Kg8 39. Qd1 Ra8 40. Re1 Qc4 41. Qe2 Qc3 42. Rd1 Bc4 43. Qe4 Rbb8 44. Rc2 Bd5 45. Qe2 Qb3 46. Rcd2 Ra3 47. f5 Re8 48. Rxd5 Ra2 49. R5d2 {[%emt 0:00:01] Check Result:#12} Ra6 1-0

[Event "Asian Amateur Rapid 2024"]
[Site "Al Ain"]
[Date "2024.12.15"]
[Round "6.12"]
[White "Humaidan Mohamed, Alzaabi"]
[Black "Daneshpour, S.A."]
[Result "0-1"]
[ECO "B25"]
[WhiteElo "1811"]
[BlackElo "1899"]
[Annotator "NA COMBH"]
[PlyCount "135"]
[EventDate "2024.12.15"]
[EventType "swiss"]
[EventCountry "UAE"]
[SourceTitle "playchess.com"]
[Source "ChessBase"]
[SourceQuality "1"]
[TimeControl "900+10"]

1. e4 c5 2. Nc3 e6 3. g3 Nc6 4. Bg2 d6 5. Nge2 g6 6. O-O Bg7 7. d3 Nge7 8. f4 f5 9. h3 O-O 10. g4 Rb8 11. Ng3 Nd4 12. g5 b5 13. Nce2 Bb7 14. c3 Nxe2+ 15. Qxe2 e5 16. Be3 a5 17. a3 Kh8 18. Rad1 Qc7 19. h4 d5 20. h5 exf4 21. Bxf4 Be5 22. Bxe5+ Qxe5 23. Nh1 fxe4 24. dxe4 Qxg5 25. hxg6 Nxg6 26. exd5 Nf4 27. Rxf4 Rxf4 28. Nf2 Qg7 29. Rd3 c4 30. Rg3 Qxg3 31. Qe5+ Qg7 32. Qxf4 Rd8 33. Ng4 Rf8 34. Qe4 Bxd5 35. Qxd5 Qxg4 36. Qxb5 Qd1+ 37. Kh2 Qd6+ 38. Kg1 Qe6 39. Qxa5 Qe3+ 40. Kh1 Qe1+ 41. Kh2 Qh4+ 42. Kg1 Qe1+ 43. Kh2 Re8 44. Qg5 Qe5+ 45. Qxe5+ Rxe5 46. Bf1 Rb5 47. b4 Re5 48. Bxc4 Re3 49. a4 Rxc3 50. Bd5 Rd3 51. Be6 Rd4 52. a5 Rxb4 53. a6 Ra4 54. Bc8 Ra3 55. Kg2 Kg7 56. Kf2 Kf6 57. Ke2 Ke7 58. Kd2 Kd8 59. Bb7 Kc7 60. Ke2 Rg3 61. Bf3 Kb6 62. Kf2 Rg7 63. Bb7 h5 64. Bc8 h4 65. Bb7 h3 66. Kf1 Ka7 67. Kf2 h2 {[%emt 0:00:10] Check Result:-#21} 68. Bc6 0-1

[Event "Asian Amateur Rapid 2024"]
[Site "Al Ain"]
[Date "2024.12.15"]
[Round "6.13"]
[White "Ahsan Feroz"]
[Black "Hayder, Hassan Shyaa"]
[Result "0-1"]
[ECO "D30"]
[WhiteElo "1795"]
[BlackElo "1991"]
[Annotator "NA COMBH"]
[PlyCount "114"]
[EventDate "2024.12.15"]
[EventType "swiss"]
[EventCountry "UAE"]
[SourceTitle "playchess.com"]
[Source "ChessBase"]
[SourceQuality "1"]
[TimeControl "900+10"]

1. d4 d5 2. c4 e6 3. Nf3 Nf6 4. g3 Be7 5. Bg2 O-O 6. O-O dxc4 7. Qc2 c6 8. Qxc4 b5 9. Qc2 Bb7 10. Rd1 Qb6 11. Nbd2 c5 12. dxc5 Bxc5 13. e3 Bxe3 14. fxe3 Qxe3+ 15. Kh1 Ng4 16. Nf1 Nf2+ 17. Kg1 Nh3+ 18. Kh1 Qxf3 19. Bxf3 Bxf3+ 20. Qg2 Nf2+ 21. Kg1 Bxg2 22. Kxf2 Bxf1 23. Kxf1 Nc6 24. Rd6 Rac8 25. Be3 Rfd8 26. Rad1 a6 27. Ke2 Rxd6 28. Rxd6 Kf8 29. Rd7 a5 30. a3 Ke8 31. Rb7 b4 32. Bc5 bxa3 33. Bxa3 Nb4 34. Bxb4 axb4 35. Kd3 Rd8+ 36. Ke3 Rd7 37. Rxb4 Ke7 38. h4 Kd6 39. Rc4 Rb7 40. b4 e5 41. g4 f6 42. Ke4 g6 43. h5 Ra7 44. Rc8 Rb7 45. Rc4 Rb6 46. Kd3 f5 47. gxf5 gxf5 48. Rc8 Rxb4 49. Rh8 Rb7 50. h6 Ke6 51. Rg8 Kf6 52. Kc4 Rd7 53. Kc3 e4 54. Kc2 e3 55. Rg3 f4 56. Rg4 Rd2+ 57. Kc1 {[%emt 0:00:01] Check Result:-#11} Rd4 0-1

[Event "Asian Amateur Rapid 2024"]
[Site "Al Ain"]
[Date "2024.12.15"]
[Round "6.14"]
[White "Muhammad Shayan Noushad Ibrahi"]
[Black "Saket Atul Kumar"]
[Result "0-1"]
[ECO "C54"]
[WhiteElo "1716"]
[BlackElo "1633"]
[Annotator "NA COMBH"]
[PlyCount "61"]
[EventDate "2024.12.15"]
[EventType "swiss"]
[EventCountry "UAE"]
[SourceTitle "playchess.com"]
[Source "ChessBase"]
[SourceQuality "1"]
[TimeControl "900+10"]

1. e4 e5 2. Nf3 Nc6 3. Bc4 Bc5 4. O-O Nf6 5. d3 d6 6. c3 a6 7. Bb3 Ba7 8. Bc2 h6 9. Nbd2 g5 10. g3 Bh3 11. Re1 Ng4 12. Re2 Qf6 13. Qe1 O-O-O 14. b4 h5 15. a4 h4 16. b5 Nb8 17. d4 hxg3 18. fxg3 exd4 19. cxd4 Bxd4+ 20. Nxd4 Qxd4+ 21. Kh1 Qxa1 22. e5 Nxe5 23. Nb1 Bg4 24. Bb2 Qa2 25. Nc3 Bf3+ 26. Kg1 Qc4 27. Rf2 Bg4 28. Be4 d5 29. Nxd5 Rxd5 30. Rc2 Qxc2 {[%emt 0:01:31] Check Result:-#1} 31. Qd1 0-1

[Event "Asian Amateur Rapid 2024"]
[Site "Al Ain"]
[Date "2024.12.15"]
[Round "6.15"]
[White "Rashed Abubaker, Alhemeiri"]
[Black "Al Abdali, Zeyad Saleh"]
[Result "0-1"]
[ECO "C02"]
[WhiteElo "1861"]
[BlackElo "1744"]
[Annotator "NA COMBH"]
[PlyCount "58"]
[EventDate "2024.12.15"]
[EventType "swiss"]
[EventCountry "UAE"]
[SourceTitle "playchess.com"]
[Source "ChessBase"]
[SourceQuality "1"]
[TimeControl "900+10"]

1. e4 e6 2. d4 d5 3. e5 c5 4. c3 Nc6 5. f4 Nh6 6. Nf3 Bd7 7. Be2 Nf5 8. g4 Nh4 9. Be3 Ng2+ 10. Kf2 Nxe3 11. Kxe3 Rc8 12. Nbd2 Be7 13. h4 f6 14. Rc1 cxd4+ 15. cxd4 fxe5 16. fxe5 g5 17. h5 O-O 18. Bd3 Rf4 19. Qc2 Nxe5 20. Nxe5 Rxc2 21. Rxc2 Bf6 22. Ndf3 Bxe5 23. Nxe5 Qb6 24. Nf3 e5 25. Bxh7+ Kxh7 26. Nxg5+ Kh6 27. Nf3 Bxg4 28. Rg1 Rxf3+ 29. Kd2 {[%emt 0:00:00] Check Result:-#3} Qxd4+ 0-1

[Event "Asian Amateur Rapid 2024"]
[Site "Al Ain"]
[Date "2024.12.15"]
[Round "6.16"]
[White "Adel, Tahseen Khalil"]
[Black "Eisa Mohmood, Alkhoori"]
[Result "1-0"]
[ECO "A56"]
[WhiteElo "1833"]
[BlackElo "1853"]
[Annotator "NA COMBH"]
[PlyCount "40"]
[EventDate "2024.12.15"]
[EventType "swiss"]
[EventCountry "UAE"]
[SourceTitle "playchess.com"]
[Source "ChessBase"]
[SourceQuality "1"]
[TimeControl "900+10"]

1. d4 Nf6 2. c4 c5 3. d5 e5 4. Nc3 d6 5. e4 Be7 6. Be2 O-O 7. h3 Nbd7 8. Be3 a6 9. Nf3 Rb8 10. Nd2 Ne8 11. Qc2 Bg5 12. Qd3 Bxe3 13. Qxe3 Kh8 14. g4 b5 15. cxb5 axb5 16. Bxb5 Qa5 17. Qe2 Nc7 18. Nc4 Qb6 19. Nxb6 Nxb6 20. Nb1 {[%emt 0:10:11] Check Result:8.80} Nd7 1-0

[Event "Asian Amateur Rapid 2024"]
[Site "Al Ain"]
[Date "2024.12.15"]
[Round "6.17"]
[White "Kanev, Evgeny"]
[Black "Ghaith Saeed Alnuaimi"]
[Result "0-1"]
[ECO "A08"]
[WhiteElo "1785"]
[BlackElo "1870"]
[Annotator "NA COMBH"]
[PlyCount "88"]
[EventDate "2024.12.15"]
[EventType "swiss"]
[EventCountry "UAE"]
[SourceTitle "playchess.com"]
[Source "ChessBase"]
[SourceQuality "1"]
[TimeControl "900+10"]

1. Nf3 Nf6 2. g3 d5 3. Bg2 e6 4. O-O Be7 5. d3 c5 6. Nfd2 Nc6 7. Nc3 Rb8 8. e4 b5 9. f4 b4 10. Ne2 O-O 11. e5 Nd7 12. Nf3 f6 13. d4 Ba6 14. Bh3 f5 15. Rf2 Qb6 16. Be3 Bxe2 17. Rxe2 cxd4 18. Nxd4 Nxd4 19. Qxd4 Bc5 20. Qd2 Rfc8 21. Bf1 Bxe3+ 22. Rxe3 Nc5 23. Qd4 Na4 24. Qxb6 Rxb6 25. b3 Nc5 26. a3 Ne4 27. Bd3 Nc5 28. Bf1 Ne4 29. Bd3 Rc7 30. axb4 Rxb4 31. Ree1 Rd4 32. Ra5 Nc5 33. Bf1 Rd2 34. b4 Ne4 35. Bd3 g5 36. Rea1 gxf4 37. Rxa7 Rxa7 38. Rxa7 f3 39. b5 Rd1+ 40. Bf1 Nd2 41. Kf2 Rxf1+ 42. Ke3 Nc4+ 43. Kd3 Rd1+ 44. Kc3 {[%emt 0:00:16] Check Result:-#9} f2 0-1

[Event "Asian Amateur Rapid 2024"]
[Site "Al Ain"]
[Date "2024.12.15"]
[Round "6.18"]
[White "Yahya Shuaib Al Kaff"]
[Black "Al Balushi, Salim"]
[Result "1-0"]
[ECO "A43"]
[WhiteElo "1879"]
[BlackElo "1612"]
[Annotator "NA COMBH"]
[PlyCount "45"]
[EventDate "2024.12.15"]
[EventType "swiss"]
[EventCountry "UAE"]
[SourceTitle "playchess.com"]
[Source "ChessBase"]
[SourceQuality "1"]
[TimeControl "900+10"]

1. d4 c5 2. Nf3 cxd4 3. Nxd4 Nc6 4. e3 a6 5. c4 g6 6. Be2 e5 7. Nc2 d6 8. O-O Be6 9. Nc3 Bg7 10. b3 Nge7 11. Ba3 Nc8 12. Ne4 Bf8 13. f4 Be7 14. fxe5 Nxe5 15. Qd4 f5 16. Nc5 Bf7 17. Rad1 Bf6 18. Nxb7 Qd7 19. Nxd6+ Nxd6 20. Qxd6 Qxd6 21. Bxd6 O-O-O 22. c5 Rhe8 {[%emt 0:00:15] Check Result:4.77} 23. Bxa6+ 1-0

[Event "Asian Amateur Rapid 2024"]
[Site "Al Ain"]
[Date "2024.12.15"]
[Round "6.19"]
[White "Hamad Shuaib Al Kaff"]
[Black "Rashid Husain Alhammadi"]
[Result "1/2-1/2"]
[ECO "D02"]
[WhiteElo "1710"]
[BlackElo "1914"]
[Annotator "NA COMBH"]
[PlyCount "52"]
[EventDate "2024.12.15"]
[EventType "swiss"]
[EventCountry "UAE"]
[SourceTitle "playchess.com"]
[Source "ChessBase"]
[SourceQuality "1"]
[TimeControl "900+10"]

1. d4 d5 2. Nf3 Nf6 3. g3 g6 4. Bg2 Bg7 5. O-O O-O 6. a4 a5 7. Nc3 c6 8. Ne5 Nbd7 9. b3 Nxe5 10. dxe5 Ng4 11. e4 Bxe5 12. Bb2 dxe4 13. Bxe4 Bg7 14. Bf3 Ne5 15. Bg2 Bg4 16. Qc1 Bf3 17. Nd1 Bxg2 18. Kxg2 Qd5+ 19. f3 Rad8 20. Ne3 Qc5 21. Re1 Rd7 22. Ba3 Qc3 23. Bb2 Rd2+ 24. Kf1 Nxf3 25. Bxc3 Nxh2+ 26. Kg1 {[%emt 0:00:00] Check Result:0.00} Nf3+ 1/2-1/2

[Event "Asian Amateur Rapid 2024"]
[Site "Al Ain"]
[Date "2024.12.15"]
[Round "6.20"]
[White "Al Hosni, Khalfan"]
[Black "Shelke Omkar"]
[Result "0-1"]
[ECO "B23"]
[WhiteElo "1749"]
[BlackElo "1764"]
[Annotator "NA COMBH"]
[PlyCount "80"]
[EventDate "2024.12.15"]
[EventType "swiss"]
[EventCountry "UAE"]
[SourceTitle "playchess.com"]
[Source "ChessBase"]
[SourceQuality "1"]
[TimeControl "900+10"]

1. e4 c5 2. Nc3 e6 3. d4 cxd4 4. Qxd4 Nc6 5. Qe3 Nf6 6. Bd2 a6 7. f3 d6 8. Bd3 b5 9. g4 Bb7 10. h4 Be7 11. Nh3 Ne5 12. Be2 Qc7 13. g5 Nfd7 14. Rc1 Nc4 15. Bxc4 Qxc4 16. b3 Qc5 17. Qe2 d5 18. exd5 exd5 19. b4 Qd6 20. Nf4 O-O 21. O-O Rfe8 22. Qg2 Ne5 23. Rcd1 Nc4 24. Bc1 Qxb4 25. Nfxd5 Qc5+ 26. Kh1 Kh8 27. Ne4 Qc6 28. Qg3 Rad8 29. Nxe7 Rxd1 30. Rxd1 Qe6 31. Nd6 Nxd6 32. Qxd6 Bxf3+ 33. Kg1 Bxd1 34. Ba3 Qxd6 35. Bxd6 Bxc2 36. h5 h6 37. gxh6 gxh6 38. Kg2 Kg7 39. Kf3 Bd1+ 40. Kf4 {[%emt 0:00:04] Check Result:-5.39} Bxh5 0-1

[Event "Asian Amateur Rapid 2024"]
[Site "Al Ain"]
[Date "2024.12.15"]
[Round "6.21"]
[White "Sendi, David V"]
[Black "Ibrahim Imran Saeed"]
[Result "1-0"]
[ECO "C56"]
[WhiteElo "1747"]
[BlackElo "1681"]
[Annotator "NA COMBH"]
[PlyCount "79"]
[EventDate "2024.12.15"]
[EventType "swiss"]
[EventCountry "UAE"]
[SourceTitle "playchess.com"]
[Source "ChessBase"]
[SourceQuality "1"]
[TimeControl "900+10"]

1. e4 e5 2. Nf3 Nc6 3. d4 exd4 4. Bc4 Nf6 5. e5 d5 6. Bb5 Ne4 7. Nxd4 Bd7 8. Bxc6 bxc6 9. O-O Be7 10. f3 Nc5 11. Be3 O-O 12. c3 Ne6 13. Nxe6 fxe6 14. b4 a5 15. Qb3 axb4 16. cxb4 Rb8 17. a3 c5 18. Bd2 c4 19. Qc2 c5 20. bxc5 Bxc5+ 21. Kh1 Qc7 22. Nc3 Qxe5 23. Rae1 Qh5 24. Ne2 Bd6 25. h3 e5 26. Ng1 Rf6 27. a4 Rbf8 28. a5 Rg6 29. a6 Rxg2 30. Kxg2 Rf6 31. a7 Bc6 32. Rb1 Rf8 33. Be3 Qf7 34. Bf2 e4 35. fxe4 dxe4 36. Be3 Qg6+ 37. Kh1 Qe6 38. Rxf8+ Kxf8 39. Rb8+ Kf7 {[%emt 0:00:11] Check Result:12.01} 40. Qf2+ 1-0

[Event "Asian Amateur Rapid 2024"]
[Site "Al Ain"]
[Date "2024.12.15"]
[Round "6.22"]
[White "Dadabaev, Zhanybek"]
[Black "Olimjonov, Muhammadziyo"]
[Result "1-0"]
[ECO "A48"]
[WhiteElo "1927"]
[BlackElo "1505"]
[Annotator "NA COMBH"]
[PlyCount "99"]
[EventDate "2024.12.15"]
[EventType "swiss"]
[EventCountry "UAE"]
[SourceTitle "playchess.com"]
[Source "ChessBase"]
[SourceQuality "1"]
[TimeControl "900+10"]

1. d4 Nf6 2. Bf4 g6 3. Nf3 Bg7 4. h3 d6 5. e3 O-O 6. Be2 Re8 7. O-O Nbd7 8. Bh2 e5 9. dxe5 dxe5 10. Nxe5 Ne4 11. Nd3 c5 12. c3 b6 13. Na3 Bb7 14. Nb5 Re7 15. f3 Nef6 16. e4 Ne8 17. Qc2 a6 18. Nd6 Nxd6 19. Bxd6 Re6 20. Bh2 Ne5 21. Nf4 Rd6 22. Rad1 Qe7 23. Rxd6 Qxd6 24. Rd1 Qe7 25. Qb3 b5 26. Nd5 Qe6 27. Nc7 Qxb3 28. axb3 Rc8 29. Nd5 Kf8 30. Nb6 Re8 31. Bxe5 Bxe5 32. Nd7+ Kg7 33. Nxe5 Rxe5 34. Rd7 Bc8 35. Rc7 Be6 36. Bd1 c4 37. b4 Kh6 38. Bc2 f5 39. f4 Rxe4 40. Bxe4 fxe4 41. Kf2 g5 42. fxg5+ Kxg5 43. Rxh7 Kf4 44. Rh4+ Ke5 45. Ke3 Bf5 46. Rh5 Kf6 47. g4 Bg6 48. Rc5 Kg7 49. Rc6 Be8 {[%emt 0:00:02] Check Result:#17} 50. Rxa6 1-0